 Dungeon Crawl Stone Soup version 0.31-a0-851-g7ff8af7976 (webtiles) character file.

Game seed: 2493157595775278723

39746 croobank the Basher (level 14, -2/108 HPs)
             Began as a Gnoll Shapeshifter on Oct 6, 2023.
             Was an Initiate of Gozag.
             Slain by an elephant (6 damage)
             ... on level 5 of the Lair of Beasts.
             The game lasted 01:19:07 (21030 turns).

croobank the Basher (Gnoll Shapeshifter)           Turns: 21030, Time: 01:19:08

Health: -2/108     AC: 15    Str: 15    XL:     14   Next: 7%
Magic:  27/27      EV: 15    Int: 14    God:    Gozag
Gold:   226        SH:  0    Dex: 11    Spells: 24/31 levels left

rFire   + . .        h - melded +0 dagger (speed)
rCold   . . .        (shield currently unavailable)
rNeg    . . .        a - +0 steam dragon scales
rPois   +            A - +0 helmet
rElec   .            s - +2 cloak {rF+}
rCorr   .            (no gloves)
SInv    .            (no boots)
Will    .....        g - amulet of reflection
Stlth   +            w - +4 ring of protection
HPRegen 0.38/turn    i - ring of poison resistance
MPRegen 0.20/turn

%: reflection
@: confused, about to teleport, flux-form, weak-willed, ambrosia-drunk, hasted
and slowed, glowing, studying Maces & Flails, invisible (but backlit and
visible)
A: glow, contaminating, fangs 1, strong nose, distributed training
a: Begin Untransformation, Renounce Religion, Potion Petition, Call Merchant,
Bribe Branch


You were on level 5 of the Lair of Beasts.
You worshipped Gozag.
Gozag was aware of your devotion.
You were something dangerously unstable.
You visited 3 branches of the dungeon, and saw 16 of its levels.
You also visited: Volcano.

You collected 4375 gold pieces.
You spent 603 gold pieces at shops.
You paid 3546 gold pieces to Gozag.

Inventory:

Hand Weapons
 h - a +0 dagger of speed (melded)
 k - a +5 falchion
 X - a +1 scimitar of flaming
Missiles
 t - 11 boomerangs
 E - 2 throwing nets (quivered)
 M - 28 poisoned darts
 R - 2 atropa-tipped darts
 U - 4 curare-tipped darts
 W - 3 javelins
Armour
 a - +0 steam dragon scales (worn)
 s - a +2 cloak of fire resistance (worn)
 A - a +0 helmet (worn)
 Q - a +0 pair of gloves of strength
Jewellery
 g - an amulet of reflection (around neck)
 i - a ring of poison resistance (right hand)
 n - a ring of resist corrosion
 u - a ring of positive energy
 w - a +4 ring of protection (left hand)
 x - a ring of positive energy
 y - an amulet of magic regeneration
 N - an amulet of regeneration
 Z - a +6 ring of dexterity
Talismans
 b - a serpent talisman
 c - a beast talisman
 f - a granite talisman
 K - a flux talisman (active)
Wands
 p - a wand of flame (8)
 D - a wand of mindburst (4)
 J - a wand of paralysis (7)
 L - a wand of polymorph (2)
Scrolls
 l - 6 scrolls of teleportation
 m - a scroll of revelation
 q - a scroll of brand weapon
 B - 4 scrolls of vulnerability
 G - 3 scrolls of poison
 H - 5 scrolls of identify
 I - 2 scrolls of immolation
 P - 2 scrolls of amnesia
 S - a scroll of fog
Potions
 d - a potion of invisibility
 e - 3 potions of ambrosia
 j - 2 potions of attraction
 o - 2 potions of mutation
 r - a potion of curing
 v - 3 potions of cancellation
 z - 3 potions of enlightenment
 C - 5 potions of brilliance
 F - 2 potions of resistance
 O - a potion of might
Miscellaneous
 Y - a phial of floods


   Skills:
 + Level 9.4 Fighting
 + Level 9.0 Short Blades
 + Level 9.0 Long Blades
 + Level 9.0 Axes
 + Level 12.2 Maces & Flails
 + Level 9.0 Polearms
 + Level 9.0 Staves
 + Level 9.0 Ranged Weapons
 + Level 9.0 Throwing
 + Level 9.0 Armour
 + Level 10.2 Dodging
 + Level 9.0 Stealth
 + Level 9.0 Shields
 + Level 11.1 Unarmed Combat
 + Level 9.0 Spellcasting
 + Level 7.5 Conjurations
 + Level 7.5 Hexes
 + Level 7.5 Summonings
 + Level 7.5 Necromancy
 + Level 7.5 Translocations
 + Level 7.5 Transmutations
 + Level 7.5 Fire Magic
 + Level 7.5 Ice Magic
 + Level 7.5 Air Magic
 + Level 7.5 Earth Magic
 + Level 7.5 Poison Magic
 + Level 9.9 Invocations
 + Level 9.0 Evocations
 + Level 10.5 Shapeshifting


You had 24 spell levels left.
You knew the following spells:

 Your Spells              Type           Power      Damage    Failure   Level
a - Apportation           Tloc           54%        N/A       1%          1
b - Wereblood             Tmut           27%        N/A       1%          2
c - Jinxbite              Hex            54%        N/A       1%          2
d - Blink                 Tloc           54%        N/A       1%          2

Your spell library contained the following spells:

 Spells                   Type           Power      Damage    Failure   Level
 Necrotise                Necr           100%       1d9       1%          1
 Ensorcelled Hibernation  Hex/Ice        54%        N/A       1%          2
 Lesser Beckoning         Tloc           54%        N/A       1%          2
 Momentum Strike          Conj/Tloc      54%        3d9       1%          2
 Gell's Gravitas          Tloc           27%        N/A       1%          3
 Teleport Other           Tloc           27%        N/A       1%          3
 Vampiric Draining        Necr           27%        2d7       1%          3
 Anguish                  Hex/Necr       13%        N/A       5%          4
 Cause Fear               Hex            13%        N/A       5%          4
 Agony                    Necr           27%        N/A       14%         5
 Alistair's Intoxication  Tmut/Pois      18%        N/A       14%         5
 Fireball                 Conj/Fire      13%        3d7       14%         5
 Irradiate                Conj/Tmut      13%        3d16      14%         5
 Dragon's Call            Summ           13%        N/A       100%        9


Dungeon Overview and Level Annotations

Branches:
Dungeon (10/15)            Temple (1/1) D:4            Lair (5/5) D:8
  Swamp (0/4) Lair:2        Snake (0/4) Lair:2        Slime (0/5) Lair:4
Volcano (visited)
    Orc: D:9-12

Altars:
Ashenzari
Cheibriados
Dithmenos
Elyvilon
Fedhas
Gozag
Hepliaklqana
Kikubaaqudgha
Makhleb
Nemelex Xobeh
Okawaru
Qazlal
Ru
Sif Muna
Trog
Uskayaw
Vehumet
Wu Jian
Xom
Yredelemnul
Zin
The Shining One
Jiyva

Shops:
D:8 *   Lair:3 *

Annotations:
D:7 3 runed translucent doors, Aneyh's ghost, novice TeMo


Innate Abilities, Weirdness & Mutations

You are something dangerously unstable.
You glow with magical radiation, making you easy to see and hit.
Foes you strike become dangerously contaminated with magical radiation.
You are incapable of wielding weapons or throwing items.
You have very sharp teeth.
Your uncanny sense of smell can sniff out nearby items.
Your experience applies equally to all skills.


Message History

You block the elephant's attack.
The elephant trunk-slaps you but does no damage.
The water moccasin misses you. The elephant tramples you!
* * * LOW HITPOINT WARNING * * *
You hold your ground!
The elephant barely misses you. The elephant tramples you.
* * * LOW HITPOINT WARNING * * *
You stumble backwards!
The elephant barely misses you.
The elephant trunk-slaps you but does no damage.
The blink frog closely misses you. The elephant attacks as it pursues you!
You block the elephant's attack.
The elephant trunk-slaps you but does no damage.
The yak barely misses you. The elephant attacks as it pursues you!
The elephant tramples you!
* * * LOW HITPOINT WARNING * * *
You hold your ground!
The elephant closely misses you. x2
The elephant trunk-slaps you but does no damage.
You feel ready to blink again.
The cane toad gives a loud, deep croak!
The yak attacks as it pursues you! The yak gores you but does no damage.
The elephant attacks as it pursues you! The elephant tramples you!
* * * LOW HITPOINT WARNING * * *
You stumble backwards!
As you read the scroll of teleportation, it crumbles to dust.
You feel strangely unstable.
The blink frog hits something!
The blink frog blinks!
The blink frog hits you but does no damage.
The yak gores you but does no damage.
Okay, then.
Okay, then.
Okay, then.
You are confused.
You feel invigorated.
The elephant tramples you but does no damage.
The elephant trunk-slaps you but does no damage.
The blink frog hits you!
* * * LOW HITPOINT WARNING * * *
The blink frog blinks!
The elephant tramples you.
You die...
Your body crumbles into a pile of gold.

♣♣♣♣♣ ♣♣...##
♣♣♣..... ♣♣......
♣♣♣..F...#
#..F.....##
#.......SP#
#.......Y##
###.....YYYp#
#........YYY##
##......Y.F..#.##
#.......wFF.....#
##........#.....#
.....#...<##.....
#.#.......# #....
.....+..... .....
.⌠...#...... ...


You could see 4 elephants, a torpor snail, 4 yaks, a cane toad, 4 blink frogs
and a water moccasin.

Vanquished Creatures
  An eleionoma (Lair:2)
  3 hydras
  A centaur warrior (D:9)
  4 two-headed ogres
  3 death yaks (Lair:4)
  A tengu warrior (D:10)
  Amaemon (Lair:1)
  An ugly thing (D:10)
  A salamander (Volcano)
  A manticore (D:10)
  Maurice (D:8)
  4 black mambas
  Joseph (D:8)
  A torpor snail (Lair:2)
  7 elephants
  4 cane toads
  A gargoyle (D:10)
  An orange demon (Lair:1)
  Maggie (D:9)
  An unseen horror (D:10)
  A kobold demonologist (D:10)
  3 rime drakes
  7 komodo dragons
  An efreet (D:10)
  A tengu conjurer (D:10)
  2 hornets (D:10)
  A queen bee (Lair:1)
  3 trolls
  A polar bear (Lair:3)
  9 blink frogs
  3 wyverns
  A wraith (D:7)
  39 yaks
  A basilisk (Lair:3)
  4 fire bats
  Menkaure (D:6)
  3 steam dragons
  A vampire mosquito (D:10)
  2 nagas (Lair:2)
  2 acid dragons
  17 water moccasins
  3 hell hounds (Volcano)
  Duvessa (D:5)
  3 ice beasts
  4 black bears
  3 orc warriors
  2 sky beasts (D:8)
  An ogre (D:6)
  5 centaurs
  9 wolves (Lair:2)
  A phantom (D:5)
  7 kobold brigands
  Blork the orc (D:4)
  15 bullfrogs
  3 gnoll sergeants
  4 scorpions
  15 wights
  Dowan (D:5)
  22 killer bees
  5 howler monkeys
  5 electric eels
  2 hounds
  A jelly (D:8)
  3 orc priests
  2 gnoll boudas
  A sleepcap (D:6)
  Jessica (D:2)
  7 iguanas
  9 orc wizards
  21 gnolls
  11 adders
  A river rat (shapeshifter) (D:9)
  A shadow imp (D:6)
  A white imp (D:6)
  An ufetubus (D:6)
  3 worms
  11 dart slugs
  24 orcs
  5 endoplasms
  3 giant cockroaches
  4 goblins
  6 hobgoblins
  4 jackals (D:2)
  8 kobolds
  2 quokkas
  2 ball pythons
  5 bats
  10 frilled lizards
  8 rats
409 creatures vanquished.

Vanquished Creatures (others)
  A dart slug (D:6)
  2 orcs (D:7)
  2 kobolds
5 creatures vanquished.

Grand Total: 414 creatures vanquished

Notes
Turn   | Place    | Note
-------+----------+-------------------------------------------
     0 | D:1      | croobank the Gnoll Shapeshifter began the quest for the
                  | Orb.
     0 | D:1      | Reached XP level 1. HP: 17/17 MP: 1/1
   110 | D:1      | Reached XP level 2. HP: 23/23 MP: 2/2
   874 | D:2      | Reached XP level 3. HP: 23/28 MP: 3/3
  1025 | D:2      | Reached skill level 1 in Invocations
  1146 | D:2      | Reached skill level 1 in Short Blades
  1146 | D:2      | Reached skill level 1 in Long Blades
  1146 | D:2      | Reached skill level 1 in Axes
  1146 | D:2      | Reached skill level 1 in Maces & Flails
  1146 | D:2      | Reached skill level 1 in Polearms
  1146 | D:2      | Reached skill level 1 in Staves
  1146 | D:2      | Reached skill level 1 in Ranged Weapons
  1146 | D:2      | Reached skill level 1 in Throwing
  1146 | D:2      | Reached skill level 1 in Armour
  1146 | D:2      | Reached skill level 1 in Stealth
  1146 | D:2      | Reached skill level 1 in Shields
  1146 | D:2      | Reached skill level 1 in Spellcasting
  1146 | D:2      | Reached skill level 1 in Evocations
  1183 | D:2      | Noticed Jessica
  1190 | D:2      | Killed Jessica
  1191 | D:2      | Reached XP level 4. HP: 34/34 MP: 5/5
  1228 | D:2      | Reached skill level 1 in Conjurations
  1228 | D:2      | Reached skill level 1 in Hexes
  1228 | D:2      | Reached skill level 1 in Summonings
  1228 | D:2      | Reached skill level 1 in Necromancy
  1228 | D:2      | Reached skill level 1 in Translocations
  1228 | D:2      | Reached skill level 1 in Transmutations
  1228 | D:2      | Reached skill level 1 in Fire Magic
  1228 | D:2      | Reached skill level 1 in Ice Magic
  1228 | D:2      | Reached skill level 1 in Air Magic
  1228 | D:2      | Reached skill level 1 in Earth Magic
  1228 | D:2      | Reached skill level 1 in Poison Magic
  2090 | D:3      | Reached XP level 5. HP: 38/40 MP: 5/7
  2302 | D:3      | Identified the +1 robe of Zebouqit {Harm Str+6 Int-4}
  2699 | D:4      | You fall into a shaft and drop 2 floors!
  2703 | D:5      | Entered Level 5 of the Dungeon
  2727 | D:5      | Found a blossoming altar of Fedhas.
  2728 | D:5      | Found an ancient bone altar of Kikubaaqudgha.
  2789 | D:5      | Learned a level 1 spell: Apportation
  2900 | D:4      | Learned a level 2 spell: Wereblood
  3154 | D:4      | Found a staircase to the Ecumenical Temple.
  3160 | Temple   | Entered the Ecumenical Temple
  3192 | Temple   | Became a worshipper of Gozag Ym Sagoz the Greedy
  3316 | D:4      | Noticed Blork the orc
  3318 | D:4      | Noticed a water moccasin
  3346 | D:4      | Killed Blork the orc
  3347 | D:4      | Reached XP level 6. HP: 47/47 MP: 8/8
  3379 | D:4      | Killed a water moccasin
  3380 | D:4      | Reached skill level 2 in Maces & Flails
  3380 | D:4      | Reached skill level 5 in Dodging
  3808 | D:5      | Reached XP level 7. HP: 39/52 MP: 10/10
  3973 | D:5      | Found an iron altar of Okawaru.
  3974 | D:5      | Noticed Dowan
  3979 | D:5      | Noticed Duvessa
  3992 | D:5      | Killed Dowan
  4007 | D:5      | Killed Duvessa
  4406 | D:6      | Reached XP level 8. HP: 41/60 MP: 12/12
  4531 | D:6      | Reached skill level 3 in Maces & Flails
  4880 | D:5      | Learned a level 2 spell: Jinxbite
  5470 | D:6      | Reached skill level 4 in Maces & Flails
  5632 | D:6      | Noticed Menkaure
  5660 | D:6      | Killed Menkaure
  5705 | D:6      | Reached XP level 9. HP: 40/66 MP: 14/14
  5783 | D:6      | Found a broken altar of Ashenzari.
  5784 | D:6      | Found a radiant altar of Vehumet.
  6055 | D:6      | Reached skill level 5 in Fighting
  6055 | D:6      | Reached skill level 5 in Maces & Flails
  6578 | D:7      | Reached skill level 5 in Invocations
  6955 | D:7      | Reached skill level 6 in Maces & Flails
  7109 | D:7      | Found a runed translucent gate.
  7109 | D:7      | Found a runed translucent gate.
  7116 | D:7      | Noticed Aneyh's ghost (novice TeMo)
  7155 | D:7      | Found a runed translucent gate.
  7208 | D:7      | Reached XP level 10. HP: 68/75 MP: 15/17
  7281 | D:7      | Reached skill level 5 in Short Blades
  7281 | D:7      | Reached skill level 5 in Long Blades
  7281 | D:7      | Reached skill level 5 in Axes
  7281 | D:7      | Reached skill level 5 in Polearms
  7281 | D:7      | Reached skill level 5 in Staves
  7281 | D:7      | Reached skill level 5 in Ranged Weapons
  7281 | D:7      | Reached skill level 5 in Throwing
  7281 | D:7      | Reached skill level 5 in Armour
  7281 | D:7      | Reached skill level 5 in Stealth
  7281 | D:7      | Reached skill level 5 in Shields
  7281 | D:7      | Reached skill level 5 in Spellcasting
  7281 | D:7      | Reached skill level 5 in Evocations
  7489 | D:8      | Found Sigets's Assorted Antiques.
  7500 | D:8      | Bought a scroll of identify for 58 gold pieces
  7500 | D:8      | Bought a wand of paralysis (7) for 487 gold pieces
  7500 | D:8      | Bought a scroll of identify for 58 gold pieces
  7518 | D:8      | Noticed Maurice
  7529 | D:8      | Something stole a flux talisman
  7541 | D:8      | Killed Maurice
  7753 | D:8      | Found a staircase to the Lair.
  7771 | D:8      | Reached skill level 7 in Maces & Flails
  7826 | D:8      | Noticed Joseph
  7848 | D:8      | Killed Joseph
  8294 | D:8      | Found an iron altar of Okawaru.
  9308 | D:10     | Entered Level 10 of the Dungeon
 10157 | D:9      | Noticed Maggie
 10182 | D:9      | Killed Maggie
 10183 | D:9      | Reached XP level 11. HP: 49/83 MP: 18/20
 10479 | D:9      | Reached skill level 5 in Conjurations
 10479 | D:9      | Reached skill level 5 in Hexes
 10479 | D:9      | Reached skill level 5 in Summonings
 10479 | D:9      | Reached skill level 5 in Necromancy
 10479 | D:9      | Reached skill level 5 in Translocations
 10479 | D:9      | Reached skill level 5 in Transmutations
 10479 | D:9      | Reached skill level 5 in Fire Magic
 10479 | D:9      | Reached skill level 5 in Ice Magic
 10479 | D:9      | Reached skill level 5 in Air Magic
 10479 | D:9      | Reached skill level 5 in Earth Magic
 10479 | D:9      | Reached skill level 5 in Poison Magic
 10622 | D:9      | Reached skill level 8 in Maces & Flails
 10648 | D:9      | Noticed a centaur warrior
 10655 | D:9      | Killed a centaur warrior
 11514 | D:10     | Noticed a five-headed hydra
 11526 | D:10     | Killed a five-headed hydra
 12380 | D:10     | Noticed a manticore
 12393 | D:10     | Killed a manticore
 12509 | D:10     | Noticed a two-headed ogre
 12524 | D:10     | Reached skill level 9 in Maces & Flails
 12530 | D:10     | Killed a two-headed ogre
 12915 | D:10     | Reached XP level 12. HP: 60/91 MP: 19/22
 13160 | D:10     | Noticed a tengu warrior
 13178 | D:10     | Killed a tengu warrior
 13193 | D:10     | Noticed a two-headed ogre
 13210 | D:10     | Killed a two-headed ogre
 14033 | Lair:1   | Entered Level 1 of the Lair of Beasts
 14191 | Lair:1   | Reached skill level 10 in Maces & Flails
 14193 | Lair:1   | Noticed Amaemon
 14205 | Lair:1   | Reached skill level 10 in Unarmed Combat
 14221 | Lair:1   | Killed Amaemon
 15969 | Lair:2   | Found a staircase to the Swamp.
 15969 | Lair:2   | Noticed an eleionoma
 15985 | Lair:2   | Killed an eleionoma
 16251 | Lair:2   | Reached XP level 13. HP: 89/99 MP: 24/24
 16256 | Lair:2   | Found a staircase to the Snake Pit.
 16454 | Lair:2   | Reached skill level 11 in Maces & Flails
 16518 | Lair:2   | Learned a level 2 spell: Blink
 16519 | Lair:2   | Found a frozen archway.
 16543 | Lair:2   | Reached skill level 10 in Shapeshifting
 17846 | Lair:3   | Found a dark tunnel.
 17954 | Volcano  | Entered a volcano
 18143 | Volcano  | HP: 2/101 [something (28)]
 19830 | Lair:4   | Reached skill level 10 in Dodging
 19977 | Lair:4   | Reached skill level 12 in Maces & Flails
 20287 | Lair:4   | Reached XP level 14. HP: 108/108 MP: 24/27
 20567 | Lair:4   | Found a viscous altar of Jiyva.
 20568 | Lair:4   | Found a staircase to the Slime Pits.
 21004 | Lair:5   | Entered Level 5 of the Lair of Beasts
 21023 | Lair:5   | HP: 5/108 [elephant (4)]
 21030 | Lair:5   | HP: 4/108 [blink frog (9)]
 21030 | Lair:5   | Slain by an elephant

Illustrated notes

Levels and vault maps discovered:
D:1:      lightli_arrival_quake, layout_loops_ring,
          chequers_serial_rivers_small_a
D:2:      layout_basic, st_stairs_4, uniq_jessica
D:3:      layout_loops_ring
D:4:      nicolae_BIG_FREAKIN_CUBE, layout_basic,
          minmay_temple_entry_enclosed_plants, chequers_serial_rivers_micro_b,
          uniq_blork_the_orc
D:5:      layout_basic, grunt_temple_overflow_growth_and_decay,
          mainiacjoe_overflow_small_starburst, serial_bayou_crossing,
          uniq_duvessa
D:6:      kennysheep_slugbush, layout_rooms, mainiacjoe_overflow_big_doors,
          minmay_manual_mail, uniq_menkaure
D:7:      layout_gridville, gammafunk_ghost_split
D:8:      layout_loops_corners, due_lair_maze_entry_diamond, serial_shops, shop,
          kennysheep_diamond, minmay_misc_feat_diagonals, uniq_joseph,
          uniq_maurice
D:9:      layout_long_grid, supply_closet_lemuel, corexii_corridor_pit,
          small_chamber_with_monster, kennysheep_just_a_vault, uniq_maggie
D:10:     layout_irregular_city, grunt_ministairs_9, minmay_liquid_box,
          minmay_misc_feat_roman, minivault_11, minmay_the_grid_2x2
          [minmay_the_grid_rooms, minmay_the_grid_holed_spiral,
          minmay_the_grid_doors, minmay_the_grid_prize_big_room]
Temple:   bh_familiar_temple
Lair:1:   layout_concentric_octagons, special_room [special_room_bee],
          nicolae_lair_grove_arrangements, uniq_amaemon
Lair:2:   layout_cellular_growth, alex1729_swamp_entry_worm_eleionoma,
          guppyfry_snake_entry_island, portal_ice_cave_entry_pillars_2
Lair:3:   layout_gridlike, nicolae_volcano_entry_batcave,
          chequers_serial_rivers_small_3
Lair:4:   layout_regular_city, dpeg_slime_entry_enclosed
Lair:5:   hellmonk_lair_end_abyssal_woods, layout_hall_layers,
          nicolae_quartered_pool_impasse, small_statue_intersection,
          grunt_megastairs_1, serial_bayou_shore_b, uniq_rupert

Skill      XL: |  1  2  3  4  5  6  7  8  9 10 11 12 13 |
---------------+----------------------------------------+-----
Invocations    | 1 2 3 4 5 6 7 8 9 |  9.9
Short Blades   | 1 2 3 4 6 7 9 |  9.0
Long Blades    | 1 2 3 4 6 7 9 |  9.0
Axes           | 1 2 3 4 6 7 9 |  9.0
Maces & Flails | 1 2 4 6 7 9 10 12 | 12.2
Polearms       | 1 2 3 4 6 7 9 |  9.0
Staves         | 1 2 3 4 6 7 9 |  9.0
Ranged Weapons | 1 2 3 4 6 7 9 |  9.0
Throwing       | 1 2 3 4 6 7 9 |  9.0
Armour         | 1 2 3 4 6 7 9 |  9.0
Stealth        | 1 2 3 4 6 7 9 |  9.0
Shields        | 1 2 3 4 6 7 9 |  9.0
Spellcasting   | 1 2 3 4 6 7 9 |  9.0
Evocations     | 1 2 3 4 6 7 9 |  9.0
Conjurations   | 1 2 3 4 5 6 7 |  7.5
Hexes          | 1 2 3 4 5 6 7 |  7.5
Summonings     | 1 2 3 4 5 6 7 |  7.5
Necromancy     | 1 2 3 4 5 6 7 |  7.5
Translocations | 1 2 3 4 5 6 7 |  7.5
Transmutations | 1 2 3 4 5 6 7 |  7.5
Fire Magic     | 1 2 3 4 5 6 7 |  7.5
Ice Magic      | 1 2 3 4 5 6 7 |  7.5
Air Magic      | 1 2 3 4 5 6 7 |  7.5
Earth Magic    | 1 2 3 4 5 6 7 |  7.5
Poison Magic   | 1 2 3 4 5 6 7 |  7.5
Fighting       | 3 4 5 6 7 8 9 |  9.4
Dodging        | 5 6 7 8 9 10 | 10.2
Unarmed Combat | 7 8 9 10 11 | 11.1
Shapeshifting  | 7 8 9 10 | 10.5

Action                     |  1- 3 |  4- 6 |  7- 9 | 10-12 | 13-15 || total
---------------------------+-------+-------+-------+-------+-------++-------
  Melee: Unarmed           |     9 |       |   198 |   752 |   443 ||  1402
         Dagger            |    87 |   192 |   181 |    86 |    21 ||   567
         Bite              |     6 |    19 |    63 |   125 |    71 ||   284
         Punch             |     3 |     6 |    13 |     5 |     3 ||    30
   Cast: Jinxbite          |       |       |    24 |    86 |    44 ||   154
         Wereblood         |       |       |       |     1 |       ||     1
         Apportation       |       |       |       |     1 |     2 ||     3
         Blink             |       |       |       |       |     1 ||     1
 Invoke: Potion Petition   |       |       |       |     3 |     3 ||     6
         Call Merchant     |       |       |       |       |     1 ||     1
  Evoke: Wand              |       |       |       |    15 |     6 ||    21
    Use: Scroll            |     5 |     9 |     2 |     5 |     3 ||    24
         Potion            |       |     1 |     6 |     9 |     9 ||    25
   Stab: Sleeping          |     1 |     3 |       |     1 |       ||     5
         Invisible         |       |       |    10 |       |     2 ||    12
         Distracted        |       |       |     2 |     5 |     2 ||     9
         Paralysed         |       |       |       |     9 |     5 ||    14
 Armour: Animal skin       |    33 |     8 |       |       |       ||    41
         Leather armour    |       |    48 |   185 |   165 |       ||   398
         Skin              |       |    10 |       |   125 |    18 ||   153
         Steam dragon scal |       |       |       |   326 |   356 ||   682
  Dodge: Dodged            |    44 |    64 |   208 |   588 |   389 ||  1293
  Block: Other             |       |       |    61 |   233 |   132 ||   426
         Reflection        |       |       |     2 |     1 |     1 ||     4
   Form: Flux              |       |       |     1 |       |       ||     1

Table legend: (Time is in decaauts)
 A = Elapsed time spent in this place.
 B = Non-inter-level travel time spent in this place.
 C = Inter-level travel time spent in this place.
 D = Time resting spent in this place.
 E = Time spent auto-exploring this place.
 F = Levels seen in this place.
 G = Mean time per level.
                   A        B        C        D        E       F      G
               +--------+--------+--------+--------+--------+-----+--------+
         Total |  20523 |  19950 |    573 |   6353 |   8222 |  17 | 1207.2 |
       Dungeon |  13684 |  13304 |    380 |   4093 |   5769 |  10 | 1368.4 |
        Temple |     63 |      1 |     62 |      0 |      0 |   1 |   63.0 |
          Lair |   6322 |   6191 |    131 |   2058 |   2453 |   5 | 1264.4 |
       Volcano |    453 |    453 |      0 |    202 |      0 |   1 |  453.0 |
               +--------+--------+--------+--------+--------+-----+--------+

Top non-repeatable levels by time:
    D:10: 3207 daAuts
  Lair:4: 1995 daAuts
  Lair:1: 1786 daAuts
     D:8: 1774 daAuts
     D:9: 1479 daAuts
     D:6: 1465 daAuts
  Lair:2: 1389 daAuts
     D:5: 1198 daAuts
  Lair:3: 1123 daAuts
     D:7: 1112 daAuts
     D:2: 1102 daAuts
     D:1: 856 daAuts
     D:4: 818 daAuts
     D:3: 669 daAuts
 Volcano: 453 daAuts
